 Dungeon Crawl Stone Soup version 0.27-a0-887-gcab673c142 (webtiles) character file.

Game seed: 7843085874495353320

6 Alarkh the Insei (level 1, -1/16 HPs)
             Began as a Demonspawn Gladiator on Apr 4, 2021.
             Killed by Freeze
             ... generated by an endoplasm
              (3 damage)
             ... on level 1 of the Dungeon.
             The game lasted 00:00:14 (173 turns).

Alarkh the Insei (Demonspawn Gladiator)              Turns: 173, Time: 00:00:15

Health: -1/16      AC:  4    Str: 14    XL:     1   Next: 75%
Magic:  1/1        EV:  9    Int:  9    God:
Gold:   0          SH:  0    Dex: 14    Spells: 0/0 levels left

rFire    . . .     SeeInvis +     - Unarmed
rCold    . . .     Faith    .   (no shield)
rNeg     . . .     Spirit   .   a - +0 leather armour
rPois    .         Reflect  .   b - +0 helmet
rElec    .         Harm     .   (no cloak)
rCorr    .         Rampage  .   (no gloves)
Will     .....                  (no boots)
Stlth    +.........             (no amulet)
HPRegen  0.05/turn              e - ring of see invisible
MPRegen  0.07/turn              (no ring)

@: constricted
A: no striking features
a: no special abilities


You were on level 1 of the Dungeon.
You visited 1 branch of the dungeon, and saw 1 of its levels.

Inventory:

Missiles
 c - 3 throwing nets (quivered)
 d - 6 curare-tipped darts
Armour
 a - a +0 leather armour (worn)
 b - a +0 helmet (worn)
Jewellery
 e - a ring of see invisible (left hand)


   Skills:
 + Level 2.1 Fighting
 - Level 1.7 Throwing
 - Level 2.6 Dodging
 * Level 3.0 Unarmed Combat


You couldn't memorise any spells.
You didn't know any spells.
Your spell library was empty.

Dungeon Overview and Level Annotations

Branches:
Dungeon (1/15)

Altars:


Message History

A bat comes into view.
The endoplasm quivers.
The ball python hisses angrily.
The hobgoblin shouts!
You hear a shout!
A rat comes into view.
The bat hits you but does no damage.
A goblin comes into view. It is wielding a +0 club.
You closely miss the hobgoblin. The bat barely misses you.
A ball python comes into view.
The hobgoblin closely misses you.
The ball python hisses angrily.
You hit the hobgoblin.
The hobgoblin is moderately wounded.
The hobgoblin hits you. The bat closely misses you.
The ball python bites you but does no damage.
The ball python grabs you. The ball python constricts you.
You closely miss the ball python. The bat barely misses you.
The ball python bites you but does no damage.
The ball python constricts you. The hobgoblin barely misses you.
You closely miss the ball python. The bat barely misses you.
The ball python barely misses you. The ball python constricts you.
The endoplasm freezes you.
You are frozen.
The hobgoblin hits you.
* * * LOW HITPOINT WARNING * * *
You are too injured to fight recklessly!
You are too injured to fight recklessly!
You are too injured to fight recklessly!
You are too injured to fight recklessly!
You are too injured to fight recklessly!
You are too injured to fight recklessly!
You are too injured to fight recklessly!
You are too injured to fight recklessly!
You are too injured to fight recklessly!
You are too injured to fight recklessly!
Unknown command.
The ball python's grasp on you weakens, but your attempt to escape fails.
The bat barely misses you. The ball python closely misses you.
The ball python constricts you. The endoplasm freezes you.
You are frozen.
You die...

..†..# #....##### .#
##..... ..##.....#
..#....... (...####.##.
#.........
....####....###.........
......#...#...#.grS.....
........# ...........
....†.### ###Sgb.._...
......#######...@J......
......#.......#.........
.........### #.........
......##.# ###.#.......
......##.# ##...........
......##.###......>..##.
.)....##.....#..#.####
..)................#
#####..####.#......#


You could see an endoplasm, a hobgoblin, a goblin, a bat, 2 ball pythons and a
rat.

Vanquished Creatures
  A goblin (D:1)
  2 jackals (D:1)
  A bat (D:1)
  A frilled lizard (D:1)
  A kobold (D:1)
6 creatures vanquished.

Notes
Turn   | Place    | Note
-------+----------+-------------------------------------------
     0 | D:1      | Alarkh the Demonspawn Gladiator began the quest for the
                  | Orb.
     0 | D:1      | Reached XP level 1. HP: 16/16 MP: 1/1
   149 | D:1      | Reached skill level 3 in Unarmed Combat
   163 | D:1      | Found a faded altar of an unknown god.
   173 | D:1      | Killed from afar by an endoplasm

Illustrated notes

Levels and vault maps discovered:
D:1:      lightli_arrival_flooded_house, layout_rooms, basic_ecumenical_altar

Skill      XL: |  1 |
---------------+----+-----
Unarmed Combat | 3 |  3.0
Fighting       | |  2.1
Throwing       | |  1.7
Dodging        | |  2.6

Action                   || total
-------------------------++-------
Melee: Unarmed           ||    27
       Punch             ||     1
Armor: Leather armour    ||     8
Dodge: Dodged            ||    28

Table legend: (Time is in decaauts)
 A = Elapsed time spent in this place.
 B = Non-inter-level travel time spent in this place.
 C = Inter-level travel time spent in this place.
 D = Time resting spent in this place.
 E = Time spent auto-exploring this place.
 F = Levels seen in this place.
 G = Mean time per level.
                   A        B        C        D        E       F      G
               +--------+--------+--------+--------+--------+-----+--------+
         Total |    172 |    172 |      0 |      0 |    122 |   1 |  172.0 |
       Dungeon |    172 |    172 |      0 |      0 |    122 |   1 |  172.0 |
               +--------+--------+--------+--------+--------+-----+--------+

Top non-repeatable levels by time:
     D:1: 172 daAuts
